 Dungeon Crawl Stone Soup version 0.27-a0-1557-g57f10a385c (webtiles) character file.

Game seed: 13562932126789056618

4727 Anon1729 the Quickloader (level 10, -14/80 HPs)
             Began as a Formicid Hunter on July 15, 2021.
             Killed from afar by a gargoyle (23 damage)
             ... with a stone arrow
             ... on level 9 of the Dungeon.
             The game lasted 00:16:14 (10451 turns).

Anon1729 the Quickloader (Formicid Hunter)         Turns: 10451, Time: 00:16:15

Health: -14/80     AC:  5    Str: 27    XL:     10   Next: 73%
Magic:  10/10      EV: 13    Int: 10    God:
Gold:   475        SH:  5    Dex: 11    Spells: 9/9 levels left

rFire    . . .     SeeInvis +   b - +2 mace (vorpal)
rCold    . . .     Faith    .   (no shield)
rNeg     . . .     Spirit   .   c - +0 leather armour
rPois    +         Reflect  +   (helmet unavailable)
rElec    .         Harm     .   C - +1 cloak {rPois}
rCorr    .         Rampage  .   (no gloves)
Will     +....                  (no boots)
Stlth    ++++......             B - amulet of reflection
HPRegen  0.23/turn              g - +4 ring of slaying
MPRegen  0.12/turn              q - +6 ring of strength

@: studying Ice Magic
A: permanent stasis, dig shafts and tunnels, antennae 3, four strong arms
a: Dig, Shaft Self


You were on level 9 of the Dungeon.
You visited 2 branches of the dungeon, and saw 13 of its levels.

You collected 488 gold pieces.
You spent 13 gold pieces at shops.

Inventory:

Hand Weapons
 a - a +1 hand crossbow
 b - a +2 vorpal mace (weapon)
Missiles
 d - 6 curare-tipped darts (quivered)
Armour
 c - a +0 leather armour (worn)
 C - a +1 cloak of poison resistance (worn)
Jewellery
 g - a +4 ring of slaying (left hand)
 n - a ring of resist corrosion
 q - a +6 ring of strength (right hand)
 s - an amulet of magic regeneration
 v - a ring of positive energy
 x - a +6 ring of intelligence
 A - a ring of ice
 B - an amulet of reflection (around neck)
 H - the ring of Dim Light {rElec rF+ Dex+7}
   (You found it on level 7 of the Dungeon)

   [ring of protection from fire]

   Dex:       It affects your dexterity (+7).
   rF:        It protects you from fire.
   rElec:     It insulates you from electricity.
 J - a +6 ring of dexterity
Wands
 w - a wand of mindburst (7)
 z - a wand of iceblast (7)
 F - a wand of flame (32)
Scrolls
 f - 5 scrolls of teleportation {unknown}
 k - 2 scrolls of silence {unknown}
 l - 2 scrolls of magic mapping {unknown}
 o - 4 scrolls of identify {unknown}
 p - 2 scrolls of enchant weapon {unknown}
 r - 3 scrolls of vulnerability {unknown}
 t - a scroll of fog {unknown}
 y - 2 scrolls of enchant armour {unknown}
 E - a scroll of amnesia {unknown}
 L - a scroll of immolation {unknown}
 M - a scroll of torment {unknown}
 O - a scroll of noise
Potions
 e - 3 potions of might
 h - 2 potions of lignification
 i - a potion of degeneration {unknown}
 j - 2 potions of heal wounds {unknown}
 m - a potion of curing
 u - a potion of attraction {unknown}
 D - a potion of cancellation
 G - a potion of mutation {unknown}
 I - a potion of berserk rage {unknown}
 N - a potion of invisibility


   Skills:
 + Level 7.7 Fighting
 * Level 10.2 Crossbows
 + Level 6.4 Dodging
 + Level 8.9 Stealth


You had 9 spell levels left.
You didn't know any spells.
Your spell library contained the following spells:

 Spells                   Type           Power      Damage    Failure   Level
 Magic Dart               Conj           0%         1d3       38%         1
 Searing Ray              Conj           0%         3d3       54%         2
 Sublimation of Blood     Necr           0%         N/A       54%         2
 Gell's Gravitas          Tloc           0%         N/A       77%         3
 Lesser Beckoning         Tloc           0%         N/A       77%         3
 Teleport Other           Tloc           0%         N/A       77%         3
 Fulminant Prism          Conj/Hex       0%         3d6       99%         4
 Petrify                  Tmut/Erth      0%         N/A       99%         4
 Irradiate                Conj/Tmut      0%         3d13      100%        5
 Metabolic Englaciation   Hex/Ice        0%         N/A       100%        5
 Statue Form              Tmut/Erth      0%         N/A       100%        6


Dungeon Overview and Level Annotations

Branches:
Dungeon (12/15)            Temple (1/1) D:4
   Lair: D:8-11         Orc: D:9-12

Altars:
Ashenzari
Cheibriados
Elyvilon
Fedhas
Gozag
Hepliaklqana
Kikubaaqudgha
Makhleb
Nemelex Xobeh
Qazlal
Sif Muna
Uskayaw
Vehumet
Wu Jian
Xom
Yredelemnul
Zin
The Shining One

Shops:
D:4 [   D:6 =   D:9 *

Annotations:
D:6 2 transporters


Innate Abilities, Weirdness & Mutations

You cannot be hasted, slowed, berserked, paralysed or teleported.
You can dig through walls and to a lower floor.
You have a pair of large antennae on your head. (SInv)
Your four strong arms can wield two-handed weapons with a shield.


Message History

You do not have any ammo quivered for your +1 hand crossbow.
b - a +2 vorpal mace (weapon)
The gargoyle closely misses you.
You hit the gargoyle but do no damage.
The gargoyle is moderately damaged.
The gargoyle hurls a stone arrow at you.
The stone arrow hits you!
You sock the gargoyle!
The gargoyle is heavily damaged.
The gargoyle hits you with a +3 mace of protection!!
You hit the gargoyle but do no damage.
The gargoyle is heavily damaged.
The gargoyle hurls a stone arrow at you.
The stone arrow misses you.
The gargoyle hurls a stone arrow at you.
The stone arrow hits you!
You are too injured to fight recklessly!
You are too injured to fight recklessly!
You are too injured to fight recklessly!
You are too injured to fight recklessly!
You are too injured to fight recklessly!
You hit the gargoyle but do no damage.
The gargoyle is heavily damaged.
The gargoyle hurls a stone arrow at you.
The stone arrow reflects off an invisible shield around you!
The stone arrow hits the gargoyle!
You closely miss the gargoyle.
The gargoyle is severely damaged.
The gargoyle hurls a stone arrow at you.
The stone arrow hits you!!
* * * LOW HITPOINT WARNING * * *
The gargoyle closely misses you.
Okay, then.
Aiming: Mindburst
Press: ? - help, Shift-Dir - straight line, f/p - gargoyle
Aim: a gargoyle, wielding a +3 mace of protection (severely damaged, chance to affect: 48%)
The gargoyle resists with some effort.
The gargoyle hurls a stone arrow at you.
The stone arrow hits you!!
You die...

...PP....... #.. .#
$....P...P.. #.. #.#
............ #... #.#
..(........#. #...###.#
.(.##....|...
#.......#....##.......#
#.......#.(..##.......#
#.......'(...##.......#
#.....@9# .......##
#.....#.# ........#
#.....#.# ........##
#.......#####'
#.............#
#.............#
#.####...####.#
#.####...#
#........####.


You could see a gargoyle.

Vanquished Creatures
  Sonja (D:11)
  A wizard (D:11)
  A gargoyle (D:9)
  2 kobold demonologists
  A redback (D:9)
  A steam dragon (D:6)
  4 water moccasins
  A sky beast (D:6)
  2 black bears
  A necrophage (D:4)
  3 ogres
  A centaur (D:11)
  A phantom (D:5)
  4 kobold brigands
  A wyvern zombie (D:6)
  A scorpion (D:6)
  A bullfrog (D:7)
  A water moccasin zombie (D:6)
  A water moccasin skeleton (D:6)
  A bullfrog zombie (D:6)
  2 centaur zombies
  2 hounds
  2 jellies
  An orc priest (D:11)
  A bullfrog skeleton (D:6)
  Crazy Yiuf (D:5)
  6 orc wizards
  4 iguanas
  2 killer bee zombies
  A hound skeleton (D:4)
  A gnoll (D:1)
  A howler monkey skeleton (D:5)
  6 adders
  3 shadow imps
  An adder skeleton (D:4)
  2 worms
  12 dart slugs
  28 orcs
  4 ball pythons
  5 bats
  2 endoplasms
  A giant cockroach (D:1)
  8 goblins
  13 hobgoblins
  2 jackals (D:1)
  4 quokkas
  A frilled lizard (D:1)
  15 kobolds
  2 rats
163 creatures vanquished.

Vanquished Creatures (others)
  An orc wizard (D:4)
  57 fungi (D:9)
58 creatures vanquished.

Grand Total: 221 creatures vanquished

Notes
Turn   | Place    | Note
-------+----------+-------------------------------------------
     0 | D:1      | Anon1729 the Formicid Hunter began the quest for the Orb.
     0 | D:1      | Reached XP level 1. HP: 16/16 MP: 1/1
   155 | D:1      | Reached XP level 2. HP: 9/23 MP: 2/2
   371 | D:1      | Reached XP level 3. HP: 28/28 MP: 3/3
   982 | D:1      | Found a faded altar of an unknown god.
  1310 | D:2      | Reached XP level 4. HP: 34/34 MP: 4/4
  2194 | D:2      | Found a blossoming altar of Fedhas.
  3033 | D:3      | Reached XP level 5. HP: 20/41 MP: 5/5
  3679 | D:4      | Found a staircase to the Ecumenical Temple.
  3813 | D:4      | Reached skill level 5 in Crossbows
  3855 | Temple   | Entered the Ecumenical Temple
  4121 | D:4      | Noticed an ogre
  4128 | D:4      | Killed an ogre
  4129 | D:4      | Reached XP level 6. HP: 48/48 MP: 6/6
  4285 | D:4      | Found an opulent altar of Gozag.
  4301 | D:4      | Noticed a necrophage
  4304 | D:4      | Killed a necrophage
  4305 | D:4      | Reached XP level 7. HP: 52/54 MP: 7/7
  4392 | D:4      | Found Cabiw's Antique Armour Shop.
  4801 | D:4      | Found an ancient bone altar of Kikubaaqudgha.
  4957 | D:4      | Found a hazy altar of Hepliaklqana.
  5021 | D:4      | Found a burning altar of Makhleb.
  5093 | D:5      | Entered Level 5 of the Dungeon
  5118 | D:4      | Reached skill level 6 in Crossbows
  5885 | D:5      | Found a runed translucent door.
  5886 | D:5      | Noticed Crazy Yiuf
  5944 | D:5      | Reached XP level 8. HP: 61/61 MP: 8/8
  5984 | D:5      | Reached skill level 5 in Stealth
  6051 | D:5      | Reached skill level 5 in Fighting
  6051 | D:5      | Reached skill level 7 in Crossbows
  6605 | D:5      | Killed Crazy Yiuf
  6918 | D:6      | Found a sparkling altar of Nemelex Xobeh.
  6970 | D:6      | Reached XP level 9. HP: 68/68 MP: 9/9
  7118 | D:6      | Found a transporter.
  7225 | D:6      | Found a transporter.
  7247 | D:6      | Reached skill level 8 in Crossbows
  7345 | D:6      | Reached skill level 5 in Dodging
  7479 | D:6      | Found Wyczuegi's Jewellery Boutique.
  7863 | D:7      | Identified the ring of Dim Light {rElec rF+ Dex+7}
  8048 | D:7      | Found a stormy altar of Qazlal.
  8227 | D:8      | You fall into a shaft and drop 1 floor!
  8227 | D:9      | Found a white marble altar of Elyvilon.
  8232 | D:9      | You fall into a shaft and drop 2 floors!
  8234 | D:11     | Noticed Sonja
  8250 | D:11     | Found a shimmering altar of Xom.
  8261 | D:11     | Killed Sonja
  8262 | D:11     | Reached skill level 9 in Crossbows
  8572 | D:11     | Reached XP level 10. HP: 77/77 MP: 10/10
  8575 | D:11     | Noticed a kobold demonologist
  8580 | D:11     | Noticed a kobold demonologist
  8585 | D:11     | Noticed an ice devil
  8601 | D:11     | Killed a kobold demonologist
  8602 | D:11     | Noticed an ice devil
  8605 | D:11     | Noticed a sun demon
  8810 | D:11     | Noticed a sixfirhy
  8810 | D:10     | Entered Level 10 of the Dungeon
  8810 | D:10     | Noticed an unseen horror
  8820 | D:10     | Noticed an orange demon
  8825 | D:10     | Killed a kobold demonologist
  9274 | D:11     | Noticed a wizard
  9278 | D:11     | Killed a wizard
  9373 | D:11     | Reached skill level 10 in Crossbows
  9629 | D:10     | Noticed a two-headed ogre
  9708 | D:9      | Found a hide-covered altar of Uskayaw.
  9923 | D:9      | Found a shimmering blue altar of Sif Muna.
  9942 | D:9      | Noticed a gargoyle
 10059 | D:9      | Found Lemi's General Store.
 10067 | D:9      | Bought a scroll of noise for 13 gold pieces
 10227 | D:9      | Noticed a gargoyle
 10290 | D:9      | Killed a gargoyle
 10451 | D:9      | Killed from afar by a gargoyle

Illustrated notes

Levels and vault maps discovered:
D:1:      dpeg_arrival_rhombi, layout_loops_ring, shapermc_ecumenical_altar_venn
D:2:      layout_basic, basic_altar
D:3:      kennysheep_slugbush, layout_basic
D:4:      layout_loops_ring, nicolae_gozag_cash_rules_everything_around_me,
          nicolae_hepliaklqana_hippocampus, mainiacjoe_overflow_alcove_2,
          lightli_temple_of_fire, temple_fountains, serial_shops,
          kennysheep_mini, minmay_misc_feat_enclosed, hangedman_decor_lopped
D:5:      minmay_angry_zag, layout_basic, uniq_crazy_yiuf_cottage
D:6:      gammafunk_cloud_chamber, layout_loops_cross,
          nemelex_xobeh_ov_fountains_minmay, serial_shops,
          nicolae_inconvenience_store, minmay_misc_feat_four_crosses,
          st_stairs_8, minmay_strange_pillars
D:7:      minmay_general_purpose_star, layout_layer_cave,
          nicolae_qazlal_scattered_showers
D:8:      layout_cave_pools, grunt_dithmenos_smoke_and_mirrors,
          nicolae_ru_path_of_blood, erik_lair_island, kennysheep_flooded_box,
          uniq_pikel
D:9:      minmay_the_grid_triangle_9x9_rhombus_full
          [minmay_the_grid_triangle_9x9_thin_v,
          minmay_the_grid_triangle_9x9_negative_grid,
          minmay_the_grid_triangle_9x9_empty,
          minmay_the_grid_triangle_9x9_sprig,
          minmay_the_grid_triangle_9x9_swiss_cheese,
          minmay_the_grid_triangle_9x9_longest,
          minmay_the_grid_triangle_9x9_windchime,
          minmay_the_grid_triangle_9x9_prize_center], layout_stronghold,
          mainiacjoe_overflow_catch_the_wave, mainiacjoe_overflow_24_doors,
          serial_shops, nicolae_shop_stone, chequers_serial_rivers_small_b,
          kennysheep_just_a_vault
D:10:     layout_loops_corners, mainiacjoe_overflow_cross_hatched,
          mainiacjoe_overflow_concentric_impassable, orc_0_dummy,
          grunt_livestock
D:11:     layout_rooms, xom_teletrap_fun, uniq_sonja
D:12:     layout_loops_cross
Temple:   compressed_dpeg_triangle_lava_temple

Skill      XL: |  1  2  3  4  5  6  7  8  9 10 |
---------------+-------------------------------+-----
Dodging        | 2 3 4 5 6 |  6.4
Stealth        | 2 3 4 6 7 8 |  8.9
Fighting       | 3 4 5 6 7 |  7.7
Crossbows      | 5 6 7 9 10 | 10.2

Action                   |  1- 3 |  4- 6 |  7- 9 | 10-12 || total
-------------------------+-------+-------+-------+-------++-------
Melee: Short sword       |    33 |    78 |    38 |    48 ||   197
       Mace              |       |       |       |     7 ||     7
 Fire: Hand crossbow     |    45 |    53 |   173 |    42 ||   313
 Abil: Dig               |       |     2 |     4 |       ||     6
       Shaft Self        |       |       |     2 |       ||     2
Evoke: Wand              |       |       |       |    14 ||    14
  Use: Potion            |       |       |     6 |       ||     6
 Stab: Sleeping          |     1 |     1 |       |     1 ||     3
Armor: Leather armour    |    12 |    11 |    27 |    18 ||    68
Dodge: Dodged            |    32 |    47 |    74 |    45 ||   198
Block: Other             |       |       |     6 |    17 ||    23
       Reflection        |       |       |     1 |     3 ||     4

Table legend: (Time is in decaauts)
 A = Elapsed time spent in this place.
 B = Non-inter-level travel time spent in this place.
 C = Inter-level travel time spent in this place.
 D = Time resting spent in this place.
 E = Time spent auto-exploring this place.
 F = Levels seen in this place.
 G = Mean time per level.
                   A        B        C        D        E       F      G
               +--------+--------+--------+--------+--------+-----+--------+
         Total |  10533 |  10336 |    197 |   1569 |   7294 |  13 |  810.2 |
       Dungeon |  10315 |  10128 |    187 |   1569 |   7118 |  12 |  859.6 |
        Temple |    218 |    208 |     10 |      0 |    176 |   1 |  218.0 |
               +--------+--------+--------+--------+--------+-----+--------+

Top non-repeatable levels by time:
     D:4: 1525 daAuts
     D:5: 1309 daAuts
     D:1: 1270 daAuts
     D:2: 1221 daAuts
     D:3: 1156 daAuts
    D:11: 1144 daAuts
     D:6: 1022 daAuts
     D:9: 822 daAuts
     D:7: 575 daAuts
  Temple: 218 daAuts
    D:12: 184 daAuts
    D:10: 74 daAuts
     D:8: 10 daAuts
